 Dungeon Crawl Stone Soup version 0.19.5 (webtiles) character file.

1074 Gitz the Chopper (level 8, -5/61 HPs)
             Began as a Demonspawn Berserker on May 24, 2017.
             Was a Priest of Trog.
             Slain by a sky beast (6 damage)
             ... on level 5 of the Dungeon.
             The game lasted 00:11:21 (3774 turns).

Gitz the Chopper (Demonspawn Berserker)             Turns: 3774, Time: 00:11:25

Health: -5/61      AC: 11    Str: 19    XL:     8   Next: 7%
Magic:  8/8        EV:  8    Int:  9    God:    Trog [***...]
Gold:   283        SH:  6    Dex: 13    Spells: 0 memorised, 7 levels left

rFire  . . .     SeeInvis .     K - +1 hand axe (chop)
rCold  . . .     Gourm    +     M - +0 chain mail
rNeg   . . .     Faith    .     a - +1 buckler
rPois  +         Spirit   .     (no helmet)
rElec  .         Reflect  .     (no cloak)
rCorr  +         Harm     .     (no gloves)
MR     .....                    (no boots)
Stlth  ..........               q - amulet of the gourmand
                                o - ring of poison resistance
                                m - ring of resist corrosion

@: exhausted, slowed, very slow
A: hooves 1, slimy green scales 1, foul stench 2, nightstalker 1, rot immunity
a: Berserk, Trog's Hand, Burn Spellbooks, Renounce Religion


You were on level 5 of the Dungeon.
You worshipped Trog.
Trog was most pleased with you.
You were very hungry.

You visited 1 branch of the dungeon, and saw 5 of its levels.

You collected 283 gold pieces.

Inventory:

Hand Weapons
 J - a +0 war axe
 K - a +1 hand axe of chopping (weapon)
Missiles
 w - 6 tomahawks of dispersal (quivered)
Armour
 a - a +1 buckler (worn)
 M - a +0 chain mail (worn)
Jewellery
 m - a ring of resist corrosion (left hand)
 o - a ring of poison resistance (right hand)
 q - an amulet of the gourmand (around neck)
 y - an uncursed amulet of faith {unknown}
Wands
 b - a wand of lightning (5/15)
 e - a wand of polymorph (6/24)
 u - a wand of slowing (41/48)
 B - a wand of acid (7/15)
 C - a wand of flame (21/48)
 E - a wand of lightning (5/15)
Scrolls
 f - a scroll of remove curse
 g - 2 scrolls of magic mapping {unknown}
 h - 3 scrolls of teleportation {unknown}
 k - a scroll of immolation {unknown}
 r - a scroll of blinking {unknown}
 s - a scroll of enchant weapon {unknown}
 t - 4 scrolls of identify {unknown}
 G - a scroll of recharging {unknown}
Potions
 d - 2 potions of lignification {unknown}
 i - a potion of mutation {unknown}
 j - 2 potions of magic {unknown}
 n - a potion of curing {unknown}
 p - a potion of heal wounds {unknown}
 z - a potion of flight {unknown}
 A - a potion of degeneration {unknown}
 D - 2 potions of might {unknown}
 H - a potion of brilliance {unknown}
 I - 3 potions of haste {unknown}
 L - a potion of cancellation {unknown}
Comestibles
 c - 4 bread rations
 l - a meat ration
 v - 5 fruits
 x - 2 slices of pizza
 F - 4 chunks of flesh


   Skills:
 + Level 4.6 Fighting
 + Level 5.9 Axes
 + Level 4.1 Armour
 + Level 3.0 Dodging
 * Level 3.6 Shields


You had 7 spell levels left.
You didn't know any spells.

Dungeon Overview and Level Annotations

Branches:
Dungeon (5/15)
 Temple: D:4-7

Altars:


Innate Abilities, Weirdness & Mutations

You have large cloven feet.
You are partially covered in slimy green scales. (AC +2)
You frequently emit foul miasma when damaged in melee.
You are slightly more attuned to the shadows.
You are immune to rotting.


Message History

Something hits you. Something shocks you. Something hits you.
Something shocks you.
* * * LOW HITPOINT WARNING * * *
You miss something. Something hits you but does no damage.
You closely miss something. Your kick misses something.
Something hits you but does no damage. Something hits you.
* * * LOW HITPOINT WARNING * * *
Something shocks you.
* * * LOW HITPOINT WARNING * * *
You hit something. You kick something. Something hits you.
* * * LOW HITPOINT WARNING * * *
Something shocks you.
* * * LOW HITPOINT WARNING * * *
Your chain mail prevents you from hitting something.
Your skin stops crawling.
You feel less resistant to hostile enchantments.
Something hits you.
* * * LOW HITPOINT WARNING * * *
Something shocks you.
You die...

### ##.# ######
#..# #....# #.##
# #....#### #.#
# ##.......# #.#
# #>.#####.# #.#
# #@## #.## #.#
# #{# #..###.# #
.######[#
##....[## #
......))#
####...###
##...>).#
###.#..<#
#.####..#
#...##... #
##.... #...##.##
###.######.....#
....####....#


There were no monsters in sight!

Vanquished Creatures
  A hungry ghost (D:4)
  An ogre (D:3)
  3 centaurs
  A scorpion (D:4)
  A jelly (D:5)
  2 orc priests (D:5)
  An orc wizard (D:4)
  A centaur skeleton (D:4)
  Jessica (D:2)
  An iguana (D:4)
  Ijyb (D:3)
  Natasha (twice) (D:3)
  6 worker ants
  A worker ant zombie (D:5)
  3 gnolls (D:3)
  3 adders
  2 oozes
  An adder skeleton (D:4)
  3 worms
  3 dart slugs
  2 leopard geckos
  8 orcs
  3 bats
  5 giant cockroaches
  5 goblins
  6 hobgoblins
  A quokka (D:2)
  A ball python (D:1)
  A ball python skeleton (D:4)
  3 frilled lizards (D:1)
  10 kobolds
  A leopard gecko zombie (D:5)
  A quokka skeleton (D:4)
  7 rats
92 creatures vanquished.

Vanquished Creatures (others)
  A plant (D:1)
1 creature vanquished.

Grand Total: 93 creatures vanquished

Notes
Turn   | Place    | Note
-------+----------+-------------------------------------------
     0 | D:1      | Gitz the Demonspawn Berserker began the quest for the Orb.
     0 | D:1      | Reached XP level 1. HP: 18/18 MP: 1/1
   281 | D:1      | Gained mutation: You are partially covered in slimy green scales. (AC +2) [demonic ancestry]
   281 | D:1      | Reached XP level 2. HP: 24/24 MP: 2/2
   296 | D:1      | Reached skill level 3 in Axes
  1023 | D:2      | Reached ** piety under Trog
  1023 | D:2      | Gained mutation: You are immune to rotting. [demonic ancestry]
  1023 | D:2      | Reached XP level 3. HP: 29/29 MP: 3/3
  1496 | D:2      | Noticed Jessica
  1503 | D:2      | Killed Jessica
  1503 | D:2      | Reached skill level 1 in Shields
  1503 | D:2      | Gained mutation: You have large cloven feet. [demonic ancestry]
  1503 | D:2      | Reached XP level 4. HP: 35/35 MP: 4/4
  1894 | D:3      | Noticed Natasha
  1904 | D:3      | Killed Natasha
  1906 | D:3      | Gained mutation: You may emit foul miasma when damaged in melee. [demonic ancestry]
  1906 | D:3      | Reached XP level 5. HP: 40/41 MP: 5/5
  2058 | D:3      | Noticed Ijyb
  2065 | D:3      | Killed Ijyb
  2065 | D:3      | Reached skill level 4 in Axes
  2179 | D:3      | Noticed an ogre
  2191 | D:3      | Killed an ogre
  2191 | D:3      | Gained mutation: You are slightly more attuned to the shadows. [demonic ancestry]
  2191 | D:3      | Reached XP level 6. HP: 22/48 MP: 6/6
  2439 | D:3      | Noticed Natasha
  2443 | D:3      | Killed Natasha
  2981 | D:4      | Reached XP level 7. HP: 54/54 MP: 7/7
  3210 | D:4      | Noticed a hungry ghost
  3216 | D:4      | Reached skill level 5 in Axes
  3227 | D:4      | Killed a hungry ghost
  3393 | D:5      | Entered Level 5 of the Dungeon
  3610 | D:5      | Reached *** piety under Trog
  3752 | D:5      | Gained mutation: You frequently emit foul miasma when damaged in melee. [demonic ancestry]
  3752 | D:5      | Reached XP level 8. HP: 42/61 MP: 8/8
  3773 | D:5      | HP: 3/61 [something (6)]
  3774 | D:5      | HP: 1/61 [something (3)]
  3774 | D:5      | Slain by a sky beast

Skill      XL: |  1  2  3  4  5  6  7 |
---------------+----------------------+-----
Axes           | 3 4 5 |  5.9
Dodging        | 2 3 |  3.0
Armour         | 2 3 4 |  4.1
Shields        | 1 2 3 |  3.6
Fighting       | 4 |  4.6

Action                   |  1- 3 |  4- 6 |  7- 9 || total
-------------------------+-------+-------+-------++-------
Melee: Hand axe          |   131 |   186 |    93 ||   410
       Kick              |       |    46 |    32 ||    78
       War axe           |       |       |     1 ||     1
Invok: Berserk           |     3 |     6 |     3 ||    12
       Trog's Hand       |     1 |     3 |     1 ||     5
  Use: Scroll            |       |       |     4 ||     4
  Eat: Chunk             |    13 |    14 |     3 ||    30
       Royal jelly       |       |       |     1 ||     1
Armor: Ring mail         |    29 |    45 |       ||    74
       Animal skin       |     1 |       |       ||     1
       Chain mail        |       |       |    39 ||    39
Dodge: Dodged            |    45 |   115 |    18 ||   178
Block: Buckler           |     8 |    30 |    29 ||    67
